 Dungeon Crawl Stone Soup version 0.31-a0-1300-gb6740aa4e6 (webtiles) character file.

Game seed: 1792722136504096370

198 bmb222 the Sneak (level 5, 0/61 HPs)
             Began as a Demonspawn Delver on Dec 18, 2023.
             Succumbed to Crazy Yiuf's poison
             ... on level 2 of the Dungeon.
             The game lasted 00:02:35 (2248 turns).

bmb222 the Sneak (Demonspawn Delver)                Turns: 2248, Time: 00:02:36

Health: 0/61       AC: 22    Str:  9 (12) XL:     5   Next: 47%
Magic:  5/5        EV:  2    Int:  7 (10) God:
Gold:   92         SH:  0    Dex: 16 (17) Spells: 4/4 levels left

rFire   . . .        a - +0 falchion
rCold   . . .        (no shield)
rNeg    . . .        b - melded +0 leather armour
rPois   +            (helmet currently unavailable)
rElec   .            (cloak currently unavailable)
rCorr   .            (gloves currently unavailable)
SInv    .            (boots currently unavailable)
Will    .....        (no amulet)
Stlth   +++          (no ring)
HPRegen 0.30/turn    (no ring)
MPRegen 0.09/turn

%: no passive effects
@: mighty, lethally poisoned (0 -> -3), tree-form
A: stationary, stasis, torment immunity, boosted hp, (claws 1), (icy blue scales
1), (spiny 1)
a: no special abilities


You were on level 2 of the Dungeon.
You were a tree.
You visited 1 branch of the dungeon, and saw 5 of its levels.

You collected 92 gold pieces.

Inventory:

Hand Weapons
 a - a +0 falchion (weapon)
 q - a +1 whip of electrocution
Armour
 b - a +0 leather armour (melded)
 k - a -3 buckler
Wands
 g - a wand of digging (3)
 p - a wand of polymorph (7)
Scrolls
 c - a scroll of fog
 d - 3 scrolls of revelation
 e - a scroll of vulnerability {unknown}
 f - a scroll of torment {unknown}
 h - a scroll of acquirement {unknown}
 i - 2 scrolls of fear
 j - 2 scrolls of teleportation {unknown}
 n - 2 scrolls of identify {unknown}
 o - a scroll of immolation {unknown}


   Skills:
 + Level 3.5 Fighting
 + Level 3.2 Long Blades
 + Level 1.5 Armour
 + Level 2.2 Dodging
 - Level 5.5 Stealth


You had 4 spell levels left.
You didn't know any spells.
Your spell library was empty.

Dungeon Overview and Level Annotations

Branches:
Dungeon (5/15)
 Temple: D:4-7

Altars:
Cheibriados
Makhleb
Trog

Shops:
D:1 [:


Innate Abilities, Weirdness & Mutations

You are a tree.
Your roots penetrate the ground, keeping you stationary.
You cannot be teleported.
You are immune to unholy pain and torment.
Your maximum health is greatly increased.
Your equipment is partially melded.
((You have sharp fingernails.))
((You are partially covered in icy blue scales. (AC +2)))
((You are partially covered in sharp spines.))


Message History

You hit Crazy Yiuf.
Crazy Yiuf is severely wounded.
You feel sick.
Crazy Yiuf hits you with a +3 quarterstaff of chaos.
You barely miss Crazy Yiuf.
Crazy Yiuf is severely wounded.
You feel sick. Crazy Yiuf is struck by your spines.
Crazy Yiuf barely misses you.
You closely miss Crazy Yiuf.
Crazy Yiuf is almost dead.
You feel sick.
Crazy Yiuf hits you with a +3 quarterstaff of chaos!
You are more poisoned.
Crazy Yiuf is struck by your spines.
Crazy Yiuf hits you with a +3 quarterstaff of chaos!
* * * LOW HITPOINT WARNING * * *
You feel very mighty all of a sudden.
You slash Crazy Yiuf!
You kill Crazy Yiuf!
* * * LOW HITPOINT WARNING * * *
You feel very sick.
Unknown command.
It was a potion of degeneration.
There was something very wrong with that liquid.
You feel weakened.
You feel dopey.
You feel clumsy.
* * * LOW HITPOINT WARNING * * *
You feel very sick.
It was a potion of lignification.
You turn into a tree.
Your +0 leather armour melds into your body.
Your roots penetrate the ground.
* * * LOW HITPOINT WARNING * * *
You feel sick.
* * * LOW HITPOINT WARNING * * *
You feel sick.
Okay, then.
* * * LOW HITPOINT WARNING * * *
You feel sick.
* * * LOW HITPOINT WARNING * * *
You feel sick.
You die...

♣~≈≈≈≈≈≈≈≈
♣~≈≈≈≈≈≈≈~
♣P~≈P~≈≈~~
#~)P~~~≈P~
#~P~~P~~~P
#P~~P~~~~~
#####
#P~~~~~~~÷
#)).#
#P~~~~P~~~
#.♣.#
###~~P.~....
#...#
#...........
##'##
#...........
♣.♣♣
#....#######
♣♣.♣
#....#......
##### ♣.♣♣
#.........##
#...# ♣♣.♣
#..##.......
#...###
♣♣.♣♣
#..##.....#.
#.....####
♣♣...♣
#####..#####


There were no monsters in sight!

Vanquished Creatures
  An orc priest (D:3)
  A hound (D:4)
  Crazy Yiuf (D:2)
  3 adders
  3 worms
  7 orcs
  3 ball pythons
  6 endoplasms
  3 giant cockroaches
  7 goblins
  3 hobgoblins
  3 jackals (D:3)
  5 quokkas
  8 bats
  5 frilled lizards
  7 kobolds
  2 rats
68 creatures vanquished.

Notes
Turn   | Place    | Note
-------+----------+-------------------------------------------
     0 | D:5      | bmb222 the Demonspawn Delver began the quest for the Orb.
     0 | D:5      | Reached XP level 1. HP: 18/18 MP: 1/1
    47 | D:5      | Noticed a water moccasin
    52 | D:5      | Noticed a hound
    53 | D:5      | Noticed an ice beast
    76 | D:4      | Killed a hound
    77 | D:4      | Reached skill level 5 in Stealth
    77 | D:4      | Gained mutation: You are partially covered in sharp spines.
                  | [demonic ancestry]
    77 | D:4      | Reached XP level 2. HP: 5/24 MP: 2/2
   168 | D:4      | Gained mutation: You are partially covered in icy blue
                  | scales. (AC +2) [demonic ancestry]
   168 | D:4      | Reached XP level 3. HP: 27/29 MP: 3/3
   411 | D:3      | Gained mutation: You have sharp fingernails. [demonic
                  | ancestry]
   411 | D:3      | Reached XP level 4. HP: 23/35 MP: 4/4
   417 | D:3      | Reached skill level 1 in Armour
   658 | D:3      | Found a snail-covered altar of Cheibriados.
   658 | D:3      | Found a bloodstained altar of Trog.
  1021 | D:1      | Found Bittaud's Antique Armour Boutique.
  1138 | D:1      | Found Buriumoe's Book Shoppe.
  1341 | D:1      | Reached XP level 5. HP: 41/41 MP: 5/5
  1690 | D:1      | Found a burning altar of Makhleb.
  1957 | D:2      | Found a runed translucent door.
  1958 | D:2      | Noticed Crazy Yiuf
  2242 | D:2      | Killed Crazy Yiuf
  2245 | D:2      | HP: 2/61 [poisoned by Crazy Yiuf]
  2248 | D:2      | Succumbed to Crazy Yiuf's poison

Illustrated notes

Levels and vault maps discovered:
D:1:      dpeg_arrival_water_altar, layout_loops_corners, serial_shops,
          nicolae_shop_scrapyard, shop, hangedman_decor_points
D:2:      layout_rooms, serial_bayou, serial_bayou_pond_d, serial_bayou_shore_a,
          serial_bayou_pond_b, serial_bayou_shore_b, uniq_crazy_yiuf_cottage
D:3:      layout_basic, grunt_temple_overflow_growth_and_decay,
          amethyst_overflow_temple_binary, grunt_ministairs_10,
          eino_tiny_chamber, nrook_mini_vaults
D:4:      layout_cave_pools, mainiacjoe_overflow_concentric_impassable,
          serial_library_hellmonk_room_b, uniq_ijyb
D:5:      layout_gridville, minmay_temple_entry_glassed_door,
          minmay_manual_mess, uniq_grinder

Skill      XL: |  1  2  3  4  5 |
---------------+----------------+-----
Long Blades    | 2 3 |  3.2
Stealth        | 5 |  5.5
Dodging        | 2 |  2.2
Armour         | 1 |  1.5
Fighting       | |  3.5

Action                     |  1- 3 |  4- 6 || total
---------------------------+-------+-------++-------
  Melee: Falchion          |    42 |    81 ||   123
         Punch             |       |     1 ||     1
    Use: Potion            |     2 |     2 ||     4
         Scroll            |     1 |       ||     1
   Stab: Sleeping          |     1 |    12 ||    13
 Armour: Leather armour    |    29 |    25 ||    54
  Dodge: Dodged            |    25 |    32 ||    57

Table legend: (Time is in decaauts)
 A = Elapsed time spent in this place.
 B = Non-inter-level travel time spent in this place.
 C = Inter-level travel time spent in this place.
 D = Time resting spent in this place.
 E = Time spent auto-exploring this place.
 F = Levels seen in this place.
 G = Mean time per level.
                   A        B        C        D        E       F      G
               +--------+--------+--------+--------+--------+-----+--------+
         Total |   2282 |   2151 |    131 |     66 |   1626 |   5 |  456.4 |
       Dungeon |   2282 |   2151 |    131 |     66 |   1626 |   5 |  456.4 |
               +--------+--------+--------+--------+--------+-----+--------+

Top non-repeatable levels by time:
     D:1: 848 daAuts
     D:2: 683 daAuts
     D:3: 528 daAuts
     D:4: 158 daAuts
     D:5: 64 daAuts
